 Dungeon Crawl Stone Soup version 0.26-a0-651-gb41185065b (webtiles) character file.

Game seed: 17534233820657771838

83 Azzok the Digger (level 4, 30/30 HPs)
             Began as a Demonspawn Earth Elementalist on Oct 17, 2020.
             Quit the game on level 2 of the Dungeon.
             The game lasted 00:04:25 (2117 turns).

Azzok the Digger (Demonspawn Earth Elementalist)    Turns: 2117, Time: 00:04:25

Health: 30/30      AC:  2    Str:  8    XL:     4   Next: 22%
Magic:  2/7        EV: 12    Int: 19    God:
Gold:   46         SH:  0    Dex: 14    Spells: 6/7 levels left

rFire    . . .     SeeInvis .   k - +3 dagger (speed)
rCold    . . .     Faith    .   (no shield)
rNeg     . . .     Spirit   .   c - +0 robe
rPois    .         Reflect  .   (no helmet)
rElec    .         Harm     .   (no cloak)
rCorr    .         Rampage  .   (no gloves)
MR       .....                  (no boots)
Stlth    ++........             (no amulet)
HPRegen  0.10/turn              (no ring)
MPRegen  0.10/turn              (no ring)

@: no status effects
A: demonic guardian 1, big brain 1
a: no special abilities


You were on level 2 of the Dungeon.
You visited 1 branch of the dungeon, and saw 2 of its levels.

You collected 46 gold pieces.

Inventory:

Hand Weapons
 k - a +3 dagger of speed (weapon)
Missiles
 b - 66 stones (quivered)
Armour
 c - a +0 robe (worn)
 e - a +0 buckler
Scrolls
 i - a scroll of identify {unknown}
Potions
 d - a potion of might {unknown}
 f - a potion of berserk rage {unknown}


   Skills:
 - Level 1.7 Dodging
 - Level 1.7 Stealth
 + Level 1.7 Shields
 - Level 2.0 Spellcasting
   Level 0.8 Transmutations
 + Level 4.1 Earth Magic


You had 6 spell levels left.
You knew the following spells:

 Your Spells              Type           Power        Failure   Level
a - Sandblast             Erth           ###...       3%          1

Your spell library contained the following spells:

 Spells                   Type           Power        Failure   Level
 Passwall                 Tmut/Erth      ##......     9%          2
 Stone Arrow              Conj/Erth      #.....       22%         3
 Petrify                  Tmut/Erth      ##......     52%         4
 Lee's Rapid Deconstruct  Erth           ###.......   65%         5


Dungeon Overview and Level Annotations

Branches:
Dungeon (2/15)

Altars:


Innate Abilities, Weirdness & Mutations

A weak demonic guardian rushes to your aid.
You have an unusually large brain. (Int +2)


Message History

The blast of sand hits Jessica.
Jessica is heavily wounded.
b - 67 stones Jessica closely misses you.
Casting: Sandblast (safe; 3% risk of failure)
Confirm with . or Enter, or press ? or * to list all spells.
Aiming: Sandblast (safe; 3% risk of failure)
Press: ? - help, Shift-Dir - straight line, f/p - Jessica
Aim: Jessica, wielding a +0 dagger and wearing a +2 robe of positive energy (heavily wounded)
The blast of sand hits Jessica!
You kill Jessica!
Your Earth Magic skill increases to level 4!
You have reached level 4!
You feel agile.
Your demonic ancestry asserts itself...
You feel the presence of a demonic guardian.
b - 66 stones
Items here: )) [ †.
Quiver which item? (- for none, * to show all) (? for menu, Esc to quit)
Okay, then.
Are you sure you want to abandon this character and quit the game? (Confirm with "yes".)

▒·▒·▒▒▒▒▒▒·▒▒·▒▒▒▒▒▒▒▒▒▒▒▒▒·▒
▒·▒·▒▒▒▒▒▒·▒▒·▒ ▒·▒
▒▒▒·▒········▒▒╬▒▒ ▒·▒
▒·····▒▒▒▒▒▒▒▒···▒▒ ▒·▒ ▒·▒▒▒·▒
▒▒·····▒▒ ▒▒▒ ▒·▒ ▒·▒ ▒·▒▒
▒▒·······▒▒ ▒▒·▒▒▒†▒
▒▒▒·▒▒▒··▒▒▒▒·········▒▒▒▒···▒··▒
··†·········╬·········'········▒▒
▒▒▒▒▒·)··▒▒▒▒···@···<·▒▒▒▒···▒·▒
▒·▒·▒▒ ▒▒·······▒▒ ▒▒·▒▒·▒ ▒···▒
▒▒·····▒▒ ▒▒▒▒·▒ ▒▒▒·▒ ▒▒···▒▒
▒·▒ ·▒ ▒▒╬▒▒ ▒·▒ ·▒ ▒·▒ ·▒ ▒·▒ ·▒


There were no monsters in sight!

Vanquished Creatures
  Jessica (D:2)
  2 dart slugs
  A leopard gecko (D:1)
  A ball python (D:1)
  8 bats
  A giant cockroach (D:2)
  5 goblins
  12 hobgoblins
  2 quokkas (D:2)
  5 frilled lizards
  5 kobolds
  6 rats
49 creatures vanquished.

Notes
Turn   | Place    | Note
-------+----------+-------------------------------------------
     0 | D:1      | Azzok the Demonspawn Earth Elementalist began the quest for
                  | the Orb.
     0 | D:1      | Reached XP level 1. HP: 13/13 MP: 3/3
   107 | D:1      | Reached skill level 3 in Earth Magic
   225 | D:1      | Gained mutation: You have an unusually large brain. (Int
                  | +2) [demonic ancestry]
   225 | D:1      | Reached XP level 2. HP: 19/19 MP: 3/5
   981 | D:1      | Reached XP level 3. HP: 24/24 MP: 2/6
  1568 | D:2      | Reached skill level 1 in Shields
  2107 | D:2      | Noticed Jessica
  2115 | D:2      | Killed Jessica
  2115 | D:2      | Reached skill level 4 in Earth Magic
  2115 | D:2      | Gained mutation: A weak demonic guardian rushes to your
                  | aid. [demonic ancestry]
  2115 | D:2      | Reached XP level 4. HP: 30/30 MP: 2/7
  2117 | D:2      | Quit the game

Illustrated notes

Levels and vault maps discovered:
D:1:      dpeg_arrival_morbid_curiosity, layout_loops_corners
D:2:      layout_loops_corners, uniq_jessica

Skill      XL: |  1  2  3 |
---------------+----------+-----
Earth Magic    | 3 4 |  4.1
Shields        | 1 |  1.7
Dodging        | |  1.7
Stealth        | |  1.7
Spellcasting   | |  2.0
Transmutations | |  0.8

Action                   |  1- 3 |  4- 6 || total
-------------------------+-------+-------++-------
Melee: Unarmed           |    15 |       ||    15
       Dagger            |    12 |       ||    12
       Hand axe          |     8 |       ||     8
 Cast: Sandblast         |    64 |     1 ||    65
  Use: Scroll            |     3 |       ||     3
Armor: Robe              |     9 |       ||     9
Dodge: Dodged            |    49 |       ||    49

Table legend: (Time is in decaauts)
 A = Elapsed time spent in this place.
 B = Non-inter-level travel time spent in this place.
 C = Inter-level travel time spent in this place.
 D = Time resting spent in this place.
 E = Time spent auto-exploring this place.
 F = Levels seen in this place.
 G = Mean time per level.
                   A        B        C        D        E       F      G
               +--------+--------+--------+--------+--------+-----+--------+
         Total |   2114 |   2056 |     58 |    248 |   1535 |   2 | 1057.0 |
       Dungeon |   2114 |   2056 |     58 |    248 |   1535 |   2 | 1057.0 |
               +--------+--------+--------+--------+--------+-----+--------+

Top non-repeatable levels by time:
     D:1: 1512 daAuts
     D:2: 602 daAuts
